 Dungeon Crawl Stone Soup version 0.28-a0-381-g937acc2988 (webtiles) character file.

Game seed: 7777756167879616443

23 dolemite99 the Magician (level 3, -1/29 HPs)
             Began as a Djinni Fire Elementalist on Sept 2, 2021.
             Slain by Sigmund (18 damage)
             ... on level 2 of the Dungeon.
             The game lasted 00:01:37 (1697 turns).

dolemite99 the Magician (Djinni Fire Elementalist)  Turns: 1697, Time: 00:01:37

Health: -1/29      AC:  2    Str:  7    XL:     3   Next: 10%
Gold:   34         EV: 12    Int: 17    God:
                   SH:  0    Dex: 13

rFire   + + .      SeeInvis .   m - +0 rapier
rCold   x . .      Faith    .   (no shield)
rNeg    . . .      Spirit   .   a - +0 robe
rPois   ∞          Reflect  .   (no helmet)
rElec   .          Harm     .   (no cloak)
rCorr   .          Rampage  .   (no gloves)
Will    .....                   (boots unavailable)
Stlth   ++........              (no amulet)
HPRegen 0.09/turn               (no ring)
MPRegen 0.00/turn               (no ring)

@: flying
A: sickness immunity, fire resistance 2, cold vulnerability 1, float, innate
caster, hp casting, extra vitality 1
a: no special abilities


You were on level 2 of the Dungeon.
You visited 1 branch of the dungeon, and saw 2 of its levels.

You collected 34 gold pieces.

Inventory:

Hand Weapons
 e - a +0 short sword
 h - a +0 hand axe
 m - a +0 rapier (weapon)
Missiles
 b - 68 stones
 d - 13 poisoned darts
 g - 11 arrows
Armour
 a - a +0 robe (worn)
 k - a +0 ring mail
Magical Staves
 i - a staff of poison
Scrolls
 c - a scroll of teleportation {unknown}
 f - a scroll of identify {unknown}
 j - a scroll of immolation {unknown}
 l - a scroll of enchant armour {unknown}


   Skills:
 + Level 2.4 Fighting
 - Level 2.1 Dodging
 - Level 1.5 Stealth
 - Level 2.4 Spellcasting


You couldn't memorise any spells.
You knew the following spells:

 Your Spells              Type           Power      Damage    Failure   Level
a - Foxfire               Conj/Fire      40%        2x1d6     7%          1
b - Conjure Flame         Conj/Fire      10%        6-21      21%         3
c - Inner Flame           Hex/Fire       10%        N/A       21%         3
d - Sticky Flame          Conj/Fire      10%        2d3       56%         4
e - Fireball              Conj/Fire      5%         3d5       88%         5
f - Magic Dart            Conj           40%        1d5       7%          1
Your spell library was empty.

Dungeon Overview and Level Annotations

Branches:
Dungeon (2/15)

Altars:

Annotations:
D:2 Sigmund


Innate Abilities, Weirdness & Mutations

You are immune to sickness and miasma.
You are immune to poison.
Your flesh is very heat resistant. (rF++)
You are vulnerable to cold. (rC-)
You float through the air rather than walking.
You learn spells naturally, not from books.
Your magical power is your life essence.
You have superior vitality. (+4 HP)


Message History

You reach down and open the door.
There is an open door here.
There is a stone staircase leading down here.
There is an open door here.
There is an open door here.
Done exploring.
There are no items here.
Drop what? 13/52 slots (_ for help) (? for menu, Esc to quit)
Okay, then.
(D) Dungeon
Where to? (? - help)
What level of the Dungeon? (default 1, ? - help)
There is an open door here.
There is a stone staircase leading down here.
You fly downwards.
Found a stone staircase leading up and two stone staircases leading down.
There is a stone staircase leading up here.
There are monsters nearby!
There are monsters nearby!
Casting: Foxfire (safe; 7% risk of failure)
Confirm with . or Enter, or press ? or * to list all spells.
You conjure some foxfire!
Sigmund shouts!
The foxfire hits Sigmund.
Sigmund is lightly wounded.
The foxfire hits Sigmund.
Sigmund is moderately wounded.
Sigmund gestures at you while chanting.
You are confused.
You're too confused to cast spells.
Unknown command.
You aren't carrying any potions.
Unknown command.
Sigmund completely misses you.
Sigmund hits you from afar with a +0 scythe!
Sigmund drinks a potion.
Sigmund seems to grow stronger.
You feel less confused.
Sigmund hits you from afar with a +0 scythe!!
Ouch! That really hurt!
You die...

....# ....#
....### ...>...
K.....#
#######.......
#...........#.
#.....@.......
#...<.......#.
.....@.........
...........>###
....###....##
.... ###..# ...
... ## ....


You could see Sigmund (strong) and a kobold.

Vanquished Creatures
  A gnoll (D:1)
  2 ball pythons (D:1)
  2 endoplasms (D:1)
  3 giant cockroaches (D:1)
  A goblin (D:1)
  A hobgoblin (D:1)
  A frilled lizard (D:1)
  A rat (D:1)
12 creatures vanquished.

Vanquished Creatures (others)
  40 foxfires
40 creatures vanquished.

Grand Total: 52 creatures vanquished

Notes
Turn   | Place    | Note
-------+----------+-------------------------------------------
     0 | D:1      | dolemite99 the Djinni Fire Elementalist began the quest for
                  | the Orb.
     0 | D:1      | Reached XP level 1. HP: 15/15 MP: 0/0
   350 | D:1      | Reached skill level 1 in Fighting
   502 | D:1      | Reached XP level 2. HP: 16/22 MP: 0/0
   979 | D:1      | Reached XP level 3. HP: 18/29 MP: 0/0
   979 | D:1      | Learned a level 1 spell: Magic Dart
  1690 | D:2      | Noticed Sigmund
  1697 | D:2      | Slain by Sigmund

Illustrated notes

Levels and vault maps discovered:
D:1:      minmay_arrival_shattered_statue, layout_basic, minmay_door_square
D:2:      layout_rooms, uniq_sigmund, uniq_crazy_yiuf_cottage

Skill      XL: |  1  2 |
---------------+-------+-----
Fighting       | 1 2 |  2.4
Dodging        | |  2.1
Stealth        | |  1.5
Spellcasting   | |  2.4

Action                   || total
-------------------------++-------
 Cast: Foxfire           ||    25
Armor: Robe              ||     5
Dodge: Dodged            ||    17

Table legend: (Time is in decaauts)
 A = Elapsed time spent in this place.
 B = Non-inter-level travel time spent in this place.
 C = Inter-level travel time spent in this place.
 D = Time resting spent in this place.
 E = Time spent auto-exploring this place.
 F = Levels seen in this place.
 G = Mean time per level.
                   A        B        C        D        E       F      G
               +--------+--------+--------+--------+--------+-----+--------+
         Total |   1695 |   1672 |     23 |    459 |   1003 |   2 |  847.5 |
       Dungeon |   1695 |   1672 |     23 |    459 |   1003 |   2 |  847.5 |
               +--------+--------+--------+--------+--------+-----+--------+

Top non-repeatable levels by time:
     D:1: 1688 daAuts
     D:2: 6 daAuts
